 Dungeon Crawl Stone Soup version 0.28.0-53-g5a82cb258f (webtiles) character file.

Game seed: 2125262451297549088

3906 quixfox the Cleaver (level 10, -6/91 HPs)
             Began as a Minotaur Fighter on July 12, 2022.
             Was a Follower of Okawaru.
             Succumbed to a hornet's poison
             ... on level 7 of the Dungeon.
             The game lasted 00:13:33 (8015 turns).

quixfox the Cleaver (Minotaur Fighter)              Turns: 8015, Time: 00:13:34

Health: -6/91      AC: 21    Str: 26    XL:     10   Next: 0%
Magic:  11/11      EV:  7    Int: 11    God:    Okawaru [*.....]
Gold:   327        SH:  0    Dex:  9    Spells: 9/9 levels left

rFire   . . .      SeeInvis .   a - +4 battleaxe (flame)
rCold   . . .      Faith    .   (shield currently unavailable)
rNeg    . . .      Spirit   .   o - +1 plate armour
rPois   .          Reflect  .   (helmet restricted)
rElec   .          Harm     .   (no cloak)
rCorr   .          Rampage  .   v - +0 pair of gloves
Will    .....                   n - +0 pair of boots
Stlth   ..........              (no amulet)
HPRegen 0.25/turn               d - +4 ring of protection
MPRegen 0.12/turn               p - +6 ring of intelligence

@: lethally poisoned (-6 -> -25), slowed, very slow
A: horns 2, retaliatory headbutt
a: Renounce Religion, Heroism


You were on level 7 of the Dungeon.
You worshipped Okawaru.
Okawaru was aware of your devotion.
You visited 2 branches of the dungeon, and saw 9 of its levels.

You collected 327 gold pieces.

Inventory:

Hand Weapons
 a - a +4 battleaxe of flaming (weapon)
Armour
 c - a +0 buckler
 n - a +0 pair of boots (worn)
 o - a +1 plate armour (worn)
 v - a +0 pair of gloves (worn)
 y - a scarf of resistance
Jewellery
 d - a +4 ring of protection (left hand)
 p - a +6 ring of intelligence (right hand)
Scrolls
 b - a scroll of amnesia
 g - a scroll of enchant weapon
 j - 5 scrolls of identify
 m - 2 scrolls of torment
 q - 2 scrolls of enchant armour
 B - a scroll of teleportation
Potions
 e - 4 potions of lignification
 f - 4 potions of brilliance
 h - a potion of ambrosia
 i - a potion of curing
 k - a potion of resistance
 u - 2 potions of might
 x - a potion of berserk rage {unknown}
 z - a potion of haste {unknown}
 A - a potion of degeneration {unknown}


   Skills:
 + Level 9.2 Fighting
 * Level 12.0 Axes
 + Level 9.1 Armour
 - Level 3.6 Shields
 + Level 3.1 Invocations


You had 9 spell levels left.
You didn't know any spells.
Your spell library contained the following spells:

 Spells                   Type           Power      Damage    Failure   Level
 Ensorcelled Hibernation  Hex/Ice        0%         N/A       99%         2
 Passwall                 Tmut/Erth      0%         N/A       99%         2
 Swiftness                Air            0%         N/A       100%        3


Dungeon Overview and Level Annotations

Branches:
Dungeon (8/15)             Temple (1/1) D:6
   Lair: D:8-11

Altars:
Cheibriados
Dithmenos
Elyvilon
Fedhas
Hepliaklqana
Kikubaaqudgha
Nemelex Xobeh
Okawaru
Ru
Sif Muna
Trog
Uskayaw
Vehumet
Wu Jian
Xom
Yredelemnul
Zin
The Shining One

Annotations:
D:2 1 runed translucent door, Crazy Yiuf
D:5 2 transporters, Ghugh's ghost, amateur HOBe
D:7 2 transporters


Innate Abilities, Weirdness & Mutations

You have a pair of horns on your head.
You reflexively headbutt those who attack you in melee.


Message History

The hornet stings you!
You feel yourself slow down. The hornet stings you.
You feel as though you will be slow longer.
You barely miss the hornet.
The hornet is moderately wounded.
The hornet stings you!
You are poisoned.
You feel as though you will be slow longer.
The hornet barely misses you. You furiously retaliate!
You headbutt the hornet. You closely miss the hornet.
The hornet is moderately wounded.
You feel very sick. The hornet stings you.
* * * LOW HITPOINT WARNING * * *
You are more poisoned.
You feel as though you will be slow longer.
The hornet barely misses you.
The hornet stings you but does no damage.
You feel very sick. The hornet stings you!
* * * LOW HITPOINT WARNING * * *
You feel as though you will be slow longer.
There is a stone staircase leading up, spattered with blood here.
You feel better.
The hornet stings you but does no damage. x2
The hornet stings you.
* * * LOW HITPOINT WARNING * * *
You are poisoned.
You feel as though you will be slow longer.
The kobold brigand hits you with a +0 dagger.
* * * LOW HITPOINT WARNING * * *
The hornet stings you!
* * * LOW HITPOINT WARNING * * *
You are more poisoned.
You suddenly lose the ability to move!
The kobold brigand hits you but does no damage.
The hornet stings you but does no damage.
You can move again.
You climb upwards.
Level annotation: 2 transporters You die...

.........#.......#.............#
.........#.......####..........#
.......###.......# #..........#
.........).......# #..........#
.................####..........#
............#.......#..........#
............#.......#..........#
..(....######..K....#..........#
.......# #...@...'........###
.......######..y....########.#
.......##...........# #.####
#########...........# #....#
#.......######### ####.#
#.......#.......# #.#
#.......#.#####.# #[#
#.......#.# #.# #)# #.......#.#
###.# #.#


You could see a hornet and a kobold brigand.

Vanquished Creatures
  Pikel (D:7)
  Sigmund (D:2)
  Eustachio (D:5)
  A water moccasin (D:7)
  A black bear (D:4)
  4 necrophages
  3 ice beasts
  2 ogres
  A phantom (D:6)
  2 centaurs
  2 lemures (D:7)
  2 bullfrogs
  A wyvern zombie (D:6)
  A scorpion (D:4)
  5 water moccasin zombies (D:6)
  5 killer bees (D:8)
  5 wights
  A crimson imp (D:4)
  3 bullfrog zombies (D:6)
  4 hounds
  2 centaur zombies (D:6)
  3 orc priests
  A gnoll shaman (D:5)
  An iron imp (D:7)
  3 centaur skeletons
  Jessica (D:3)
  Terence (D:2)
  3 orc wizards
  A killer bee zombie (D:7)
  2 hound zombies (D:5)
  A hound skeleton (D:4)
  A howler monkey zombie (D:7)
  12 gnolls
  7 adders
  A white imp (D:4)
  2 worms
  2 dart slugs (D:2)
  12 orcs
  10 endoplasms
  2 hobgoblins (D:4)
  A jackal (D:2)
  4 quokkas
  4 ball pythons
  3 bats
  4 frilled lizards
  6 goblins
  5 kobolds
  4 rats
145 creatures vanquished.

Vanquished Creatures (others)
  2 fungi (D:2)
  6 plants (D:2)
  A withered plant (D:6)
9 creatures vanquished.

Grand Total: 154 creatures vanquished

Notes
Turn   | Place    | Note
-------+----------+-------------------------------------------
     0 | D:1      | quixfox the Minotaur Fighter began the quest for the Orb.
     0 | D:1      | Reached XP level 1. HP: 19/19 MP: 0/0
   812 | D:2      | Reached skill level 3 in Axes
   812 | D:2      | Reached XP level 2. HP: 27/27 MP: 1/1
   910 | D:2      | Found a runed translucent door.
   911 | D:2      | Noticed Crazy Yiuf
   964 | D:2      | Noticed Terence
   977 | D:2      | Killed Terence
   978 | D:2      | Reached XP level 3. HP: 19/33 MP: 2/2
  1129 | D:2      | Found a faded altar of an unknown god.
  1352 | D:1      | Reached skill level 4 in Axes
  1610 | D:2      | Reached XP level 4. HP: 18/41 MP: 3/3
  1894 | D:2      | Noticed Sigmund
  1895 | D:2      | Noticed Jessica
  2259 | D:3      | Killed Jessica
  2300 | D:2      | Killed Sigmund
  2301 | D:2      | Reached skill level 5 in Fighting
  2301 | D:2      | Reached skill level 5 in Axes
  2301 | D:2      | Reached skill level 5 in Armour
  2301 | D:2      | Reached XP level 5. HP: 37/48 MP: 4/4
  2301 | D:2      | Reached XP level 6. HP: 43/56 MP: 5/5
  2887 | D:3      | Reached skill level 6 in Axes
  3189 | D:3      | Found a hide-covered altar of Uskayaw.
  4279 | D:4      | Reached XP level 7. HP: 62/62 MP: 6/6
  4773 | D:4      | Reached skill level 7 in Axes
  4806 | D:5      | Entered Level 5 of the Dungeon
  5053 | D:5      | Found a blossoming altar of Fedhas.
  5196 | D:5      | Found a transporter.
  5201 | D:5      | Found a transporter.
  5284 | D:5      | Reached skill level 8 in Axes
  5498 | D:6      | Noticed Eustachio
  5508 | D:5      | Reached XP level 8. HP: 67/71 MP: 7/7
  5555 | D:5      | Killed Eustachio
  5681 | D:5      | Reached skill level 9 in Axes
  5752 | D:5      | Noticed Ghugh's ghost (amateur HOBe)
  6171 | D:6      | Reached skill level 10 in Axes
  6201 | D:6      | Reached XP level 9. HP: 66/81 MP: 8/8
  6535 | D:6      | Found a staircase to the Ecumenical Temple.
  6543 | Temple   | Entered the Ecumenical Temple
  6555 | Temple   | Became a worshipper of Warmaster Okawaru
  6685 | D:7      | Found a transporter.
  6696 | D:7      | Noticed a kobold demonologist
  6734 | D:7      | Noticed a kobold demonologist
  6761 | D:7      | Found a transporter.
  6825 | D:7      | Noticed Pikel
  6842 | D:7      | Killed Pikel
  6843 | D:7      | Reached skill level 11 in Axes
  6843 | D:7      | Reached skill level 1 in Invocations
  7311 | D:7      | Reached * piety under Okawaru
  7598 | D:7      | Found a snail-covered altar of Cheibriados.
  7977 | D:8      | Found a shimmering altar of Xom.
  7999 | D:8      | Reached skill level 12 in Axes
  8001 | D:8      | Reached XP level 10. HP: 57/91 MP: 9/11
  8005 | D:8      | Paralysed by a hornet for 3 turns
  8014 | D:8      | HP: 2/91 [hornet (12)]
  8014 | D:8      | Paralysed by a hornet for 1 turns
  8015 | D:7      | Succumbed to a hornet's poison

Illustrated notes

Levels and vault maps discovered:
D:1:      dpeg_arrival_long_road, layout_loops_ring
D:2:      minmay_chambers_of_twos, layout_loops_ring,
          shapermc_ecumenical_altar_mp_ritualfount, kennysheep_another_room,
          minmay_misc_feat_chi, uniq_jessica, uniq_crazy_yiuf_cottage,
          uniq_sigmund, uniq_terence
D:3:      layout_basic, lemuel_round_altar, chequers_arboretum,
          minmay_fractal_squares_diagonal_5
D:4:      layout_loops_ring, minmay_fire_ice_demons
D:5:      layout_cave_pools, mainiacjoe_overflow_concentric_impassable,
          gammafunk_ghost_hive
D:6:      layout_rooms, minmay_temple_entry_enclosed_plants, serial_undead,
          serial_undead_c, serial_undead_f, serial_undead_a, serial_undead_d,
          serial_undead_f, serial_undead_a, minmay_misc_feat_room,
          uniq_eustachio
D:7:      gammafunk_wand_slinger, layout_basic, slow_altar_1,
          kennysheep_generic_room_10, uniq_pikel
D:8:      layout_gridville, ashenzari_conservatory_becter,
          mainiacjoe_overflow_small_starburst, xom_confusion_cloud,
          lightli_temple_of_fire
Temple:   nicolae_temple_great_sept

Skill      XL: |  1  2  3  4  5  6  7  8  9 |
---------------+----------------------------+-----
Axes           | 3 4 5 6 8 10 12 | 12.0
Fighting       | 4 5 6 7 9 |  9.2
Armour         | 4 5 6 7 9 |  9.1
Invocations    | 3 |  3.1
Shields        | |  3.6

Action                   |  1- 3 |  4- 6 |  7- 9 | 10-12 || total
-------------------------+-------+-------+-------+-------++-------
Melee: War axe           |    50 |    99 |   249 |       ||   398
       Headbutt          |     6 |     9 |    59 |     1 ||    75
       Battleaxe         |       |       |    19 |     8 ||    27
Throw: Throwing net      |       |       |     1 |       ||     1
Invok: Heroism           |       |       |     1 |       ||     1
  Use: Scroll            |       |     2 |    14 |       ||    16
       Potion            |       |     1 |       |     1 ||     2
Armor: Scale mail        |    24 |    56 |       |       ||    80
       Plate armour      |       |       |   259 |    12 ||   271
Dodge: Dodged            |    24 |    39 |   109 |     4 ||   176
Block: Buckler           |     8 |    22 |    70 |       ||   100
